 Dungeon Crawl Stone Soup version 0.20.1-1-g8b1a95d (webtiles) character file.

3954 kaze the Cleaver (level 10, -1/135 HPs)
             Began as a Hill Orc Fighter on Sept 16, 2017.
             Slain by a killer bee (5 damage)
             ... on level 8 of the Dungeon.
             The game lasted 00:11:52 (6396 turns).

kaze the Cleaver (Hill Orc Fighter)                 Turns: 6396, Time: 00:11:53

Health: -1/135     AC: 25    Str: 23    XL:     10   Next: 21%
Magic:  9/9        EV:  2    Int:  8    God:
Gold:   352        SH: 15    Dex: 10    Spells: 9/9 levels left

rFire    . . .     SeeInvis .   a - +0 war axe
rCold    . . .     Gourm    .   c - +4 shield
rNeg     + + +     Faith    .   (armour currently unavailable)
rPois    +         Spirit   .   (helmet currently unavailable)
rElec    .         Reflect  .   (cloak currently unavailable)
rCorr    .         Harm     .   (gloves currently unavailable)
MR       .....     NoTele   +   (boots currently unavailable)
Stlth    +.........             (no amulet)
Regen    0.4/turn               (no ring)
MPRegen  0.2/turn               (no ring)

@: lethally poisoned (-1 -> -15), tree-form
A: rugged brown scales 1, deterioration 1, low mp 1, sense surroundings 1
a: no special abilities


You were on level 8 of the Dungeon.
You were not hungry.
You were a tree.
You visited 1 branch of the dungeon, and saw 8 of its levels.

You collected 352 gold pieces.

Inventory:

Hand Weapons
 a - a +0 war axe (weapon)
Armour
 c - a +4 shield (worn)
 h - a +0 pair of boots (melded)
 k - a +0 cloak (melded)
 s - a cursed +0 pair of gloves (melded)
 u - a +0 plate armour (melded)
Wands
 d - a wand of acid (2/15)
Scrolls
 g - 3 scrolls of remove curse
 p - 3 scrolls of magic mapping
 q - 4 scrolls of teleportation
 r - 2 scrolls of amnesia
Potions
 i - 2 potions of brilliance
 m - 4 potions of lignification
 n - a potion of haste
 o - a potion of curing
Comestibles
 f - 3 bread rations
 j - a royal jelly
 t - 3 fruits
 x - a meat ration


   Skills:
 + Level 8.2 Fighting
 + Level 12.0 Axes
 + Level 6.7 Armour
 + Level 2.7 Dodging
 + Level 1.0 Stealth
 + Level 7.8 Shields


You had 9 spell levels left.
You didn't know any spells.

Dungeon Overview and Level Annotations

Branches:
Dungeon (8/15)             Temple (0/1) D:6
   Lair: D:8-11

Altars:
Ashenzari
Elyvilon
Fedhas
Gozag
Hepliaklqana
Qazlal
Xom

Shops:
D:5 %


Innate Abilities, Weirdness & Mutations

(You are partially covered in rugged brown scales. (AC +1, +3% HP))
Your body sometimes deteriorates upon taking damage.
((Your flesh is heat resistant. (rF+)))
Your magical capacity is low. (-10% MP)
You passively map a small area around you.


Message History

You block the killer bee's attack.
You closely miss the killer bee. You hit the queen bee.
* * * LOW HITPOINT WARNING * * *
You feel very sick.
You block the killer bee's attack. x2; The queen bee stings you.
* * * LOW HITPOINT WARNING * * *
The killer bee stings you but does no damage.
Unknown command.
You miss the killer bee. You completely miss the queen bee.
* * * LOW HITPOINT WARNING * * *
You feel sick. You block the killer bee's attack. x2
The queen bee stings you but does no damage.
Unknown command.
You barely miss the queen bee.
The queen bee is lightly wounded.
You miss the killer bee.
* * * LOW HITPOINT WARNING * * *
You feel sick. You block the killer bee's attack. x2
The killer bee stings you.
You die...

.# * # #.#
#.# .# * *
,#.# #.#
.####.# #.
#.# [......,
, ,*
#.########
#####. *
#.........
....... ,
#.########
....... *
#.# #######
,* #.#
#♣###### *
#yy....#** #
#5###.#.# .#
#.##.##* #.#
, #...## #..
####y###.#**
##5#.#*
########.# *
#..5..y..#


You could see a queen bee, a killer bee (berserk) and a crimson imp.

Vanquished Creatures
  Psyche (D:8)
  The ghost of kae the Covert, a novice SpEn (D:6)
  Grinder (D:3)
  A hippogriff (D:7)
  Eustachio (D:5)
  Duvessa (D:5)
  A porcupine (D:8)
  An orc warrior (D:6)
  An ice beast (D:6)
  A sky beast (D:6)
  2 black bears (D:6)
  3 ogres
  2 centaurs
  A big kobold (D:7)
  A crocodile (D:8)
  2 bullfrogs
  A gnoll sergeant (D:8)
  Dowan (D:5)
  10 killer bees
  A scorpion (D:5)
  A howler monkey (D:7)
  2 crimson imps
  A jelly (D:7)
  A gnoll shaman (D:7)
  2 orc priests (D:6)
  2 bullfrog skeletons (D:7)
  A hound (D:5)
  7 orc wizards
  A centaur skeleton (D:6)
  2 iguanas
  3 worker ants
  12 gnolls
  A howler monkey skeleton (D:7)
  5 adders
  3 shadow imps
  3 oozes
  An adder skeleton (D:5)
  4 worms
  A dart slug (D:2)
  2 leopard geckos
  24 orcs
  5 giant cockroaches
  6 hobgoblins
  2 jackals (D:5)
  9 kobolds
  A quokka (D:3)
  2 ball pythons
  7 bats
  5 frilled lizards
  3 goblins (D:1)
  A leopard gecko skeleton (D:7)
  A quokka skeleton (D:6)
  4 rats
159 creatures vanquished.

Vanquished Creatures (others)
  An iguana (D:8)
  3 fungi (D:8)
  A plant (D:8)
5 creatures vanquished.

Grand Total: 164 creatures vanquished

Notes
Turn   | Place    | Note
-------+----------+-------------------------------------------
     0 | D:1      | kaze the Hill Orc Fighter began the quest for the Orb.
     0 | D:1      | Reached XP level 1. HP: 19/19 MP: 1/1
   127 | D:1      | Reached XP level 2. HP: 24/27 MP: 2/2
   494 | D:1      | Reached skill level 3 in Axes
   692 | D:1      | Reached XP level 3. HP: 32/33 MP: 3/3
  1688 | D:3      | Reached skill level 4 in Axes
  1688 | D:3      | Reached XP level 4. HP: 34/40 MP: 4/4
  1733 | D:3      | Found an opulent altar of Gozag.
  1734 | D:3      | Noticed Grinder
  1739 | D:3      | Paralysed by Grinder for 6 turns
  1745 | D:3      | Killed Grinder
  1745 | D:3      | Reached skill level 5 in Axes
  1745 | D:3      | Reached XP level 5. HP: 25/47 MP: 5/5
  1745 | D:3      | Reached XP level 6. HP: 29/53 MP: 6/6
  2029 | D:3      | Reached skill level 1 in Dodging
  2054 | D:3      | Reached skill level 6 in Axes
  2655 | D:4      | Found a stormy altar of Qazlal.
  2807 | D:4      | Reached XP level 7. HP: 55/60 MP: 7/7
  2912 | D:4      | Reached skill level 7 in Axes
  3187 | D:5      | Entered Level 5 of the Dungeon
  3259 | D:5      | Reached skill level 5 in Fighting
  3305 | D:5      | Found Toiqos's Food Shop.
  3390 | D:5      | Reached skill level 5 in Armour
  3418 | D:5      | Found a hazy altar of Hepliaklqana.
  3421 | D:5      | Found a white marble altar of Elyvilon.
  3424 | D:5      | Found a blossoming altar of Fedhas.
  3433 | D:5      | Reached skill level 8 in Axes
  3439 | D:5      | Found a shimmering altar of Xom.
  3617 | D:5      | Noticed Eustachio
  3653 | D:5      | Killed Eustachio
  3653 | D:5      | Reached XP level 8. HP: 41/68 MP: 8/8
  3672 | D:5      | Noticed Duvessa
  3672 | D:5      | Noticed Dowan
  3679 | D:5      | Killed Duvessa
  3679 | D:5      | Reached skill level 5 in Shields
  3690 | D:5      | Killed Dowan
  4285 | D:6      | Reached skill level 9 in Axes
  4532 | D:6      | Noticed kae's ghost (novice SpEn)
  4551 | D:6      | Killed kae's ghost
  4589 | D:6      | Reached skill level 10 in Axes
  4589 | D:6      | Reached XP level 9. HP: 69/75 MP: 9/9
  4708 | D:6      | Found a staircase to the Ecumenical Temple.
  4847 | D:6      | Gained mutation: Your flesh is heat resistant. (rF+) [mutagenic meat]
  4848 | D:6      | Gained mutation: You are partially covered in rugged brown scales. (AC +1, +3% HP) [mutagenic meat]
  4849 | D:6      | Gained mutation: You passively map a small area around you. [mutagenic meat]
  4850 | D:6      | Gained mutation: Your body sometimes deteriorates upon taking damage. [mutagenic meat]
  4851 | D:6      | Gained mutation: Your magical capacity is low. (-10% MP) [mutagenic meat]
  5281 | D:7      | Reached skill level 11 in Axes
  5520 | D:7      | Found a shattered altar of Ashenzari.
  5890 | D:8      | Noticed Psyche
  5896 | D:8      | Reached XP level 10. HP: 64/90 MP: 9/9
  6077 | D:8      | Killed Psyche
  6077 | D:8      | Reached skill level 12 in Axes
  6368 | D:8      | Reached skill level 1 in Stealth
  6394 | D:8      | HP: 6/135 [queen bee (4)]
  6396 | D:8      | Slain by a killer bee

Skill      XL: |  1  2  3  4  5  6  7  8  9 10 |
---------------+-------------------------------+-----
Fighting       | 4 5 6 7 8 |  8.2
Axes           | 3 4 5 6 8 10 11 12 | 12.0
Armour         | 4 5 6 |  6.7
Shields        | 4 6 7 |  7.8
Dodging        | 1 2 |  2.7
Stealth        | 1 |  1.0

Action                   |  1- 3 |  4- 6 |  7- 9 | 10-12 || total
-------------------------+-------+-------+-------+-------++-------
Melee: War axe           |   136 |    64 |   429 |    53 ||   682
  Use: Scroll            |     6 |     4 |     9 |       ||    19
       Potion            |       |     1 |     3 |     4 ||     8
 Stab: Invisible         |       |       |     1 |     3 ||     4
  Eat: Chunk             |     2 |     3 |    12 |       ||    17
       Bread ration      |       |       |     1 |     1 ||     2
Armor: Scale mail        |    72 |    16 |    70 |       ||   158
       Chain mail        |       |       |    77 |       ||    77
       Plate armour      |       |       |    10 |    27 ||    37
       Skin              |       |       |       |    10 ||    10
Dodge: Dodged            |    55 |    14 |    97 |     9 ||   175
Block: Shield            |    90 |    27 |   286 |    68 ||   471
